 Dungeon Crawl Stone Soup version 0.29.0-4-gdea44cf6ec (webtiles) character file.

Game seed: 5064089220742132912

172347 qw the Warrior (level 17, -12/156 (168) HPs)
             Began as a Minotaur Fighter on Sept 4, 2022.
             Was the Champion of Ru.
             Mangled by a pharaoh ant (16 damage)
             ... on level 4 of the Spider Nest.
             The game lasted 00:14:34 (39438 turns).

qw the Warrior (Minotaur Fighter)                  Turns: 39438, Time: 00:14:34

HP:   -12/156 (168) AC: 36    Str: 47    XL:     17   Next: 41%
MP:   12/16         EV: 12    Int:  5    God:    Ru [******]
Gold: 1062          SH: 14    Dex:  5    Spells: 16/16 levels left

rFire   + . .      SeeInvis .   Y - +6 war axe (spect)
rCold   . . .      Faith    .   j - +2 kite shield {AC+3}
rNeg    . . .      Spirit   .   x - +8 plate armour of Glamorous Joy {rElec rC- Str+4}
rPois   .          Reflect  .   a - +0 hat of the Beastly God {Drain Str+8 Dex-5 Stlth+}
rElec   +          Harm     .   o - scarf {rC+ rF+}
rCorr   .          Rampage  .   i - +2 pair of gloves
Will    +....                   e - +2 pair of boots
Stlth   ..........              t - amulet of the acrobat
HPRegen 0.36/turn               h - +4 ring of evasion
MPRegen 0.15/turn               f - +6 ring of strength

@: lethally poisoned (-12 -> -26), exhausted, about to teleport, drained
A: horns 2, no stealth, inability to use devices, hated by all, inability to
train dodging, unskilled 1, missing an eye, retaliatory headbutt
a: Renounce Religion, Draw Out Power, Power Leap, Apocalypse


You were on level 4 of the Spider Nest.
You worshipped Ru.
Ru was exalted by your worship.
You visited 6 branches of the dungeon, and saw 30 of its levels.

You collected 3150 gold pieces.
You spent 2088 gold pieces at shops.


Innate Abilities, Weirdness & Mutations

You have a pair of horns on your head.
You cannot be stealthy.
You cannot study or use magical devices.
You are hated by all.
You cannot train Dodging skill.
You are somewhat unskilled. (-1 Apt)
You are missing an eye, making it more difficult to aim.
You reflexively headbutt those who attack you in melee.


   Skills:
 - Level 19.0 Fighting
 - Level 17.0 Axes
 + Level 5.5 Throwing
 - Level 16.8 Armour
 - Level 17.0 Shields


You had 16 spell levels left.
You didn't know any spells.
Your spell library was empty.

Inventory:

Hand Weapons
 c - a +0 morningstar
 Y - a +6 spectral war axe (weapon)
Missiles
 m - 6 boomerangs
 w - 6 javelins (quivered)
Armour
 a - the +0 hat of the Beastly God (worn) {Drain Str+8 Dex-5 Stlth+}
   (You acquired it on level 6 of the Dungeon)

   Str:       It affects your strength (+8).
   Dex:       It affects your dexterity (-5).
   Drain:     It drains your maximum health when unequipped.
   Stlth:     It makes you more stealthy.
 e - a +2 pair of boots (worn)
 i - a +2 pair of gloves (worn)
 j - a +2 kite shield of protection (worn)
 o - a scarf of resistance (worn)
 v - a +1 cloak
 x - the +8 plate armour of Glamorous Joy (worn) {rElec rC- Str+4}
   (You bought it in a shop on level 2 of the Orcish Mines)

   Str:       It affects your strength (+4).
   rC:        It makes you vulnerable to cold.
   rElec:     It insulates you from electricity.
Jewellery
 f - a +6 ring of strength (right hand)
 h - a +4 ring of evasion (left hand)
 n - a ring of fire
 s - an amulet of regeneration
 t - an amulet of the acrobat (around neck)
Scrolls
 g - 21 scrolls of identify
 k - 5 scrolls of teleportation
 q - 3 scrolls of brand weapon
Potions
 b - 3 potions of haste
 d - 3 potions of might
 l - 8 potions of curing
 u - a potion of mutation

Dungeon Overview and Level Annotations

Branches:
Dungeon (15/15)            Temple (1/1) D:5            Lair (5/5) D:11
  Swamp (3/4) Lair:2       Spider (4/4) Lair:2        Slime (0/5) Lair:4
    Orc (2/2) D:12            Elf (0/3) Orc:2        Vaults (0/5) D:13
 Depths (0/4) D:15

Altars:
Cheibriados
Gozag
Kikubaaqudgha
Makhleb
Nemelex Xobeh
Okawaru
Qazlal
Ru
Trog
Uskayaw
Vehumet
Wu Jian
Xom
Zin
The Shining One
Lugonu

Shops:
D:8 *   D:12 *   Orc:1 (   Orc:2 ?:*[:

Portals:
Abyss: Lair:5
Trove: D:14 (show slimy rune of Zot)

Annotations:
D:3 2 transporters, qw's ghost, amateur BaCK
Lair:2 2 transporters
Lair:4 2 transporters, qw's ghost, journeyman TrCA
Orc:1 3 runed translucent doors, Rygut's ghost, journeyman DrFi


Message History

The wolf spider is stunned by your conviction and fails to attack.
The pharaoh ant bites you.
You feel drained. The broodmother bites you!
39437 ||| READING 6 scrolls of teleportation.
As you read the scroll of teleportation, it crumbles to dust.
You feel strangely unstable.
You feel very sick.
The meliai mumbles some strange prayers to its god against you.
Something smites you! The jumping spider misses you. You furiously retaliate!
You headbutt the jumping spider. The jumping spider closely misses you.
You block the wolf spider's attack.
The wolf spider bites you but does no damage.
The jumping spider leaps!
You block the wolf spider's attack.
The wolf spider bites you but does no damage.
The broodmother summons a spider!
The pharaoh ant barely misses you.
The jumping spider leaps! x2; The broodmother summons spiders!
The wolf spider closely misses you. You block the wolf spider's attack.
The culicivora begins to attack, but is stunned by your conviction!
You block the broodmother's attack.
The wolf spider hits you but does no damage.
The wolf spider bites you but does no damage.
You hear a skittering sound.
You slice the broodmother!!
You kill the broodmother!
The redback disappears in a puff of smoke!
You closely miss the wolf spider. You slash the jumping spider!
You slash the broodmother! You hit the tarantella.
You closely miss the pharaoh ant. You slice the wolf spider!!
Your +6 spectral war axe hits the wolf spider.
Your +6 spectral war axe hits the broodmother!
Your +6 spectral war axe hits the meliai!
Your +6 spectral war axe hits the tarantella!
Your +6 spectral war axe hits the meliai.
You feel very sick.
The meliai misses your +6 spectral war axe.
The meliai stings your +6 spectral war axe but does no damage.
The meliai hits your +6 spectral war axe with a +0 hand axe.
Your spectral weapon shares its damage with you!
The meliai barely misses your +6 spectral war axe.
The pharaoh ant bites you!
You die...

...#s#.......##
.............^#
..B......~~...^
^~......~~....
#~s.s^~s~~..^
#...y0.~~....
.^##.y(sB^~..s#
....sss@s^....^
..##¤sss#.#~...
#...### # .
#^.. .s.. ..s..
.... ..# ....
.0.. ....#...
#...?#...


You could see a broodmother, an entropy weaver, 3 wolf spiders, 3 culicivoras, a
pharaoh ant, 4 jumping spiders, 2 tarantellas, 2 redbacks, 2 meliai and a
friendly +6 spectral war axe (summoned).

Vanquished Creatures
  Nikola (Spider:3)
  Asterion (Spider:4)
  Frances (D:13)
  2 emperor scorpions (Spider:2)
  3 ghost moths
  A broodmother (Spider:4)
  4 eleionomae
  3 spark wasps (Spider:2)
  An entropy weaver (Spider:1)
  A dire elephant (D:15)
  5 bunyips
  Snorg (Orc:2)
  A fire dragon (D:14)
  A shambling mangrove (Swamp:2)
  Josephine (D:11)
  A yaktaur captain (D:13)
  7 hydras
  2 jorogumos
  A vault guard (D:14)
  A spriggan air mage (Swamp:1)
  3 radroaches
  2 boulder beetles
  6 centaur warriors
  A ghost crab (Swamp:3)
  Erica (D:8)
  4 two-headed ogres
  7 alligators
  7 death yaks
  3 thrashing horrors (Lair:5)
  An orc high priest (Orc:2)
  2 tengu warriors (D:12)
  Sonja (Orc:2)
  7 steelbarb worms
  5 pharaoh ants
  3 skeletal warriors (D:15)
  A fire crab (shapeshifter) (D:15)
  4 goliath frogs
  4 spriggan druids
  A deep troll (shapeshifter) (D:15)
  3 sun moths
  7 orb spiders
  3 swamp dragons
  3 bog bodies
  A swamp dragon (shapeshifter) (Lair:5)
  A wizard (D:15)
  A necromancer (Lair:2)
  2 orc knights
  Pikel (D:9)
  4 deep elf pyromancers
  19 wolf spiders
  7 orc sorcerers (Orc:2)
  10 cyclopes
  An ugly thing (Lair:5)
  A salamander (D:15)
  2 moths of wrath
  4 manticores
  A black mamba (Lair:5)
  9 elephants (Lair:5)
  A guardian serpent (shapeshifter) (Lair:5)
  10 cane toads
  2 gargoyles
  A smoke demon (Lair:5)
  3 torpor snails
  2 yaktaurs (D:13)
  8 demonic crawlers
  2 kobold demonologists (D:12)
  4 rime drakes
  10 komodo dragons
  A freezing wraith (D:14)
  3 ancient zymes (Lair:5)
  6 trolls
  A merfolk (D:11)
  7 meliai
  A tarantella (shapeshifter) (D:13)
  5 hornets
  A polar bear (Lair:5)
  20 tarantellas
  Grinder (D:3)
  32 blink frogs
  7 tyrant leeches
  A raiju (shapeshifter) (D:14)
  12 slime creatures (D:14)
  7 dream sheep
  21 jumping spiders
  A water elemental (D:14)
  11 spriggans
  25 culicivoras
  3 ynoxinuls (Lair:5)
  31 yaks
  A vampire (D:9)
  A human (shapeshifter) (D:15)
  6 wyverns
  A fire elemental (Lair:4)
  7 wraiths
  64 redbacks
  5 basilisks
  Menkaure (D:4)
  A steam dragon (D:6)
  10 vampire mosquitoes
  7 wargs
  An acid dragon (D:11)
  14 swamp worms
  2 large abominations (Lair:5)
  28 water moccasins
  10 small abominations (Lair:5)
  28 orc warriors
  2 sky beasts
  4 black bears
  6 ogres
  13 wolves
  18 centaurs
  A lemure (D:9)
  4 kobold brigands
  14 bullfrogs
  A necrophage (D:6)
  Blork the orc (D:4)
  4 gnoll sergeants
  2 scorpions
  9 wights
  20 killer bees
  2 electric eels
  A crimson imp (D:15)
  4 hounds
  19 orc priests
  2 gnoll boudas
  5 jellies
  5 iguanas
  33 orc wizards
  6 hell rats (Lair:3)
  Natasha (thrice) (D:3)
  2 yak simulacra (Lair:2)
  2 wolf simulacra (Lair:2)
  3 polar bear simulacra (Lair:2)
  Robin (D:4)
  11 adders
  26 gnolls
  A shadow imp (D:5)
  2 white imps
  2 ufetubi
  A worm (D:2)
  3 dart slugs
  92 orcs
  4 bats
  7 endoplasms
  4 giant cockroaches
  15 goblins
  7 hobgoblins
  8 jackals (D:2)
  3 quokkas
  4 ball pythons
  3 frilled lizards
  18 kobolds
  8 rats
  4 river rat simulacra (Lair:2)
1019 creatures vanquished.

Vanquished Creatures (others)
  An emperor scorpion (Spider:2)
  An orc sorcerer (Orc:2)
  A wolf spider (Spider:1)
  Maggie (D:8)
  A bloated husk (Swamp:3)
  A hornet (Swamp:2)
  A blink frog (Lair:1)
  2 redbacks (Spider:2)
  A swamp worm (Swamp:2)
  A centaur (D:13)
  An orc priest (Orc:1)
  An orc (Orc:1)
  31 fungi
  45 plants
89 creatures vanquished.

Grand Total: 1108 creatures vanquished

Notes
Turn   | Place    | Note
-------+----------+-------------------------------------------
     0 | D:1      | qw the Minotaur Fighter began the quest for the Orb.
     0 | D:1      | Reached XP level 1. HP: 19/19 MP: 0/0
     0 | D:1      | 0 ||| qw: Version: 0.1-a-103-gd6f5d3a
     0 | D:1      | 0 ||| qw: Game counter: 5586
     0 | D:1      | 0 ||| qw: Always use a shield: true
     0 | D:1      | 0 ||| qw: God list: Ru
     0 | D:1      | 0 ||| qw: Allow faded altars: false
     0 | D:1      | 0 ||| qw: Do Orc after D:15 true
     0 | D:1      | 0 ||| qw: Do second Lair branch before Depths: true
     0 | D:1      | 0 ||| qw: Lair rune preference: random
     0 | D:1      | 0 ||| qw: Plans: Normal
     0 | D:1      | 0 ||| PLANNING D:1-11
   171 | D:1      | Reached skill level 3 in Axes
   290 | D:1      | Reached XP level 2. HP: 26/26 MP: 1/1
   552 | D:1      | Found a faded altar of an unknown god.
   558 | D:1      | 558 ||| Stepping ~*~*~tactically~*~*~ (hiding).
   559 | D:1      | 559 ||| Stepping ~*~*~tactically~*~*~ (hiding).
   788 | D:1      | 788 ||| Stepping ~*~*~tactically~*~*~ (stealth).
   913 | D:1      | 913 ||| Stepping ~*~*~tactically~*~*~ (hiding).
   920 | D:1      | Reached XP level 3. HP: 31/31 MP: 2/2
  1154 | D:1      | 1154 ||| READING scroll labelled ZALUHO DURITT.
  1155 | D:1      | 1155 ||| READING 2 scrolls labelled VOCWIM QUAN.
  1156 | D:1      | 1156 ||| DRINKING 2 inky potions.
  1777 | D:2      | 1777 ||| Stepping ~*~*~tactically~*~*~ (stealth).
  1785 | D:2      | Reached XP level 4. HP: 37/39 MP: 3/3
  1838 | D:2      | 1838 ||| Stepping ~*~*~tactically~*~*~ (stealth).
  1843 | D:2      | 1843 ||| Stepping ~*~*~tactically~*~*~ (stealth).
  1848 | D:2      | Reached skill level 1 in Dodging
  2082 | D:2      | 2082 ||| DROPPING +0 club.
  2220 | D:2      | 2220 ||| UPGRADING to +6 ring of dexterity.
  2221 | D:2      | 2221 ||| READING scroll labelled QEETONI QADOX.
  2322 | D:2      | 2322 ||| READING scroll labelled QYXZAL SOUZ.
  2323 | D:2      | 2323 ||| DRINKING 2 amethyst potions.
  2324 | D:2      | 2324 ||| READING 2 scrolls of identify.
  2324 | D:2      | 2324 ||| IDENTIFYING black potion
  2325 | D:2      | 2325 ||| DROPPING potion of lignification.
  2326 | D:2      | 2326 ||| DROPPING potion of attraction.
  2327 | D:2      | 2327 ||| Stepping randomly (stuck).
  2328 | D:2      | 2328 ||| Stepping ~*~*~tactically~*~*~ (cloud).
  2851 | D:3      | Noticed Natasha
  2859 | D:3      | Killed Natasha
  2860 | D:3      | Reached skill level 6 in Axes
  2860 | D:3      | Reached XP level 5. HP: 40/45 MP: 4/4
  2950 | D:3      | Noticed Natasha
  2951 | D:3      | Found a transporter.
  2960 | D:3      | Killed Natasha
  3025 | D:3      | Found a transporter.
  3028 | D:3      | Noticed qw's ghost (amateur BaCK)
  3187 | D:3      | Noticed Natasha
  3188 | D:3      | 3188 ||| Stepping ~*~*~tactically~*~*~ (stealth).
  3198 | D:3      | Killed Natasha
  3500 | D:3      | Noticed Grinder
  3502 | D:3      | 3502 ||| Stepping ~*~*~tactically~*~*~ (hiding).
  3507 | D:3      | Paralysed by Grinder for 2 turns
  3509 | D:3      | HP: 10/45 [Grinder (3)]
  3510 | D:3      | Killed Grinder
  3511 | D:3      | Reached XP level 6. HP: 11/51 MP: 5/5
  3771 | D:3      | 3771 ||| UPGRADING to +1 pair of gloves.
  3776 | D:3      | 3776 ||| UPGRADING to +2 kite shield of protection.
  3786 | D:3      | 3786 ||| DROPPING +0 buckler.
  3787 | D:3      | 3787 ||| UPGRADING to +0 plate armour.
  3797 | D:3      | 3797 ||| DROPPING +0 scale mail.
  3798 | D:3      | 3798 ||| READING 2 scrolls labelled NOENTUCONG.
  3799 | D:3      | 3799 ||| READING scroll labelled SIURCH KEDY.
  3800 | D:3      | 3800 ||| READING scroll labelled KUACWA MAJOEJ.
  3801 | D:3      | 3801 ||| DROPPING scroll of fear.
  3829 | D:4      | Noticed Menkaure
  3834 | D:4      | Killed Menkaure
  3873 | D:4      | 3873 ||| Stepping ~*~*~tactically~*~*~ (stealth).
  3877 | D:4      | Reached XP level 7. HP: 57/58 MP: 6/6
  3885 | D:4      | Reached skill level 4 in Fighting
  3935 | D:4      | 3935 ||| DROPPING +0 mace.
  3979 | D:4      | 3979 ||| Stepping ~*~*~tactically~*~*~ (stealth).
  3987 | D:4      | Reached skill level 6 in Shields
  4085 | D:4      | 4085 ||| Stepping ~*~*~tactically~*~*~ (stealth).
  4195 | D:4      | Noticed Blork the orc
  4196 | D:4      | Noticed Robin
  4203 | D:4      | Killed Blork the orc
  4204 | D:4      | Reached skill level 9 in Axes
  4211 | D:4      | Killed Robin
  4631 | D:4      | 4631 ||| Stepping ~*~*~tactically~*~*~ (stealth).
  4822 | D:4      | 4822 ||| UPGRADING to +6 ring of strength.
  4823 | D:4      | 4823 ||| READING scroll labelled WECOCYGGEDIAR.
  4824 | D:4      | 4824 ||| READING 5 scrolls of identify.
  4824 | D:4      | 4824 ||| IDENTIFYING pink potion
  4825 | D:4      | 4825 ||| DROPPING potion of ambrosia.
  4842 | D:5      | Entered Level 5 of the Dungeon
  4959 | D:5      | Noticed a wyvern
  4966 | D:5      | Killed a wyvern
  4967 | D:5      | Reached skill level 3 in Dodging
  4967 | D:5      | Reached XP level 8. HP: 66/66 MP: 7/7
  4987 | D:5      | Found a staircase to the Ecumenical Temple.
  4988 | D:5      | 4988 ||| PLANNING TEMPLE
  4988 | D:5      | 4988 ||| Stepping ~*~*~tactically~*~*~ (hiding).
  5011 | D:5      | 5011 ||| READING scroll labelled YTEELI NUYV.
  5018 | Temple   | Entered the Ecumenical Temple
  5131 | Temple   | Became a worshipper of Ru the Awakened
  5155 | Temple   | 5155 ||| PLANNING D:1-11
  5194 | D:5      | Reached skill level 5 in Fighting
  5364 | D:5      | Noticed a two-headed ogre
  5374 | D:5      | Killed a two-headed ogre
  5375 | D:5      | Reached skill level 9 in Shields
  5706 | D:5      | 5706 ||| Stepping ~*~*~tactically~*~*~ (hiding).
  5719 | D:5      | Reached XP level 9. HP: 71/74 MP: 8/8
  5963 | D:5      | 5963 ||| READING scroll labelled QOELUJ VUTICA.
  5964 | D:5      | 5964 ||| READING scroll labelled XAK OGEUSAER.
  5969 | D:5      | 5969 ||| READING 2 scrolls labelled UCSESK SEDDUSH.
  5970 | D:5      | 5970 ||| READING scroll of enchant weapon.
  5970 | D:5      | 5970 ||| ENCHANTING +1 war axe.
  5987 | D:6      | 5987 ||| FLEEEEING.
  5988 | D:6      | 5988 ||| FLEEEEING.
  5989 | D:6      | 5989 ||| STAIRDANCE
  6003 | D:6      | Reached skill level 1 in Throwing
  6062 | D:6      | Reached skill level 6 in Fighting
  6637 | D:6      | 6637 ||| Stepping ~*~*~tactically~*~*~ (stealth).
  6638 | D:6      | 6638 ||| Stepping ~*~*~tactically~*~*~ (stealth).
  6771 | D:6      | 6771 ||| UPGRADING to +4 ring of evasion.
  6773 | D:6      | 6773 ||| DROPPING +6 ring of dexterity.
  6774 | D:6      | 6774 ||| READING scroll labelled GEPERU DYVE.
  6774 | D:6      | Identified a scroll of acquirement
  6774 | D:6      | 6774 ||| ACQUIRING +0 hat of the Beastly God {Drain Str+8
                  | Dex-5 Stlth+}
  6774 | D:6      | Acquired the +0 hat of the Beastly God {Drain Str+8 Dex-5
                  | Stlth+}
  6776 | D:6      | 6776 ||| UPGRADING to +0 hat of the Beastly God {Drain
                  | Str+8 Dex-5 Stlth+}.
  6781 | D:6      | 6781 ||| READING scroll labelled SUHI TAOLOE.
  6835 | D:7      | 6835 ||| Stepping ~*~*~tactically~*~*~ (stealth).
  6848 | D:7      | Reached skill level 12 in Axes
  6957 | D:7      | 6957 ||| INVOKING Sacrifice an Eye.
  6957 | D:7      | Gained mutation: You are missing an eye, making it more
                  | difficult to aim. [Ru sacrifice]
  6957 | D:7      | Reached * piety under Ru
  7129 | D:7      | 7129 ||| Stepping ~*~*~tactically~*~*~ (stealth).
  7133 | D:7      | Reached skill level 7 in Fighting
  7140 | D:7      | 7140 ||| FLEEEEING.
  7141 | D:7      | 7141 ||| FLEEEEING.
  7142 | D:7      | 7142 ||| FLEEEEING.
  7143 | D:7      | 7143 ||| FLEEEEING.
  7144 | D:7      | 7144 ||| FLEEEEING.
  7146 | D:7      | 7146 ||| FLEEEEING.
  7147 | D:7      | 7147 ||| FLEEEEING.
  7148 | D:7      | 7148 ||| FLEEEEING.
  7149 | D:7      | 7149 ||| FLEEEEING.
  7150 | D:7      | 7150 ||| STAIRDANCE
  7199 | D:6      | 7199 ||| READING scroll labelled VIRPHA YVVIEN.
  7360 | D:7      | 7360 ||| DROPPING +0 flail.
  7393 | D:7      | 7393 ||| Stepping ~*~*~tactically~*~*~ (hiding).
  7417 | D:7      | Reached XP level 10. HP: 52/86 MP: 9/9
  7688 | D:7      | 7688 ||| READING scroll of enchant armour.
  7688 | D:7      | 7688 ||| ENCHANTING +1 pair of gloves.
  7830 | D:7      | 7830 ||| READING 4 scrolls of identify.
  7830 | D:7      | 7830 ||| IDENTIFYING dark potion
  7831 | D:7      | 7831 ||| DROPPING potion of invisibility.
  7835 | D:8      | Found Susekh's Assorted Antiques.
  7836 | D:8      | 7836 ||| STAIRDANCE
  7841 | D:8      | 7841 ||| STAIRDANCE
  7847 | D:8      | 7847 ||| STAIRDANCE
  7859 | D:8      | 7859 ||| STAIRDANCE
  7991 | D:8      | 7991 ||| STAIRDANCE
  8088 | D:8      | 8088 ||| Stepping ~*~*~tactically~*~*~ (stealth).
  8090 | D:8      | 8090 ||| SHOPLISTING glowing plate armour (780 gold, have
                  | 370).
  8090 | D:8      | 8090 ||| BUYING golden potion (27 gold).
  8090 | D:8      | Bought a golden potion for 27 gold pieces
  8090 | D:8      | 8090 ||| BUYING scroll of identify (60 gold).
  8090 | D:8      | Bought a scroll of identify for 60 gold pieces
  8090 | D:8      | 8090 ||| BUYING scroll of identify (60 gold).
  8090 | D:8      | Bought a scroll of identify for 60 gold pieces
  8090 | D:8      | 8090 ||| BUYING sedimented grey potion (27 gold).
  8090 | D:8      | Bought a sedimented grey potion for 27 gold pieces
  8553 | D:8      | 8553 ||| Stepping ~*~*~tactically~*~*~ (hiding).
  8554 | D:8      | 8554 ||| Stepping ~*~*~tactically~*~*~ (hiding).
  8689 | D:8      | Reached skill level 6 in Armour
  8834 | D:8      | Found an opulent altar of Gozag.
  8913 | D:8      | Noticed Maggie
  8914 | D:8      | 8914 ||| Stepping ~*~*~tactically~*~*~ (hiding).
  8932 | D:8      | Killed Maggie
  8933 | D:8      | Reached skill level 8 in Fighting
  9194 | D:8      | 9194 ||| Stepping ~*~*~tactically~*~*~ (hiding).
  9196 | D:8      | 9196 ||| Stepping ~*~*~tactically~*~*~ (hiding).
  9198 | D:8      | 9198 ||| Stepping ~*~*~tactically~*~*~ (hiding).
  9221 | D:8      | Noticed Erica
  9222 | D:8      | 9222 ||| FLEEEEING.
  9223 | D:8      | 9223 ||| FLEEEEING.
  9224 | D:8      | 9224 ||| FLEEEEING.
  9236 | D:8      | 9236 ||| FLEEEEING.
  9237 | D:8      | 9237 ||| FLEEEEING.
  9238 | D:8      | 9238 ||| FLEEEEING.
  9239 | D:8      | 9239 ||| FLEEEEING.
  9240 | D:8      | 9240 ||| FLEEEEING.
  9241 | D:8      | 9241 ||| FLEEEEING.
  9242 | D:8      | 9242 ||| FLEEEEING.
  9243 | D:8      | 9243 ||| FLEEEEING.
  9244 | D:8      | 9244 ||| FLEEEEING.
  9245 | D:8      | 9245 ||| FLEEEEING.
  9246 | D:8      | 9246 ||| FLEEEEING.
  9255 | D:8      | 9255 ||| STAIRDANCE
  9324 | D:7      | 9324 ||| DROPPING ring of wizardry.
  9325 | D:7      | 9325 ||| DROPPING ring of ice.
  9326 | D:7      | 9326 ||| READING 5 scrolls of identify.
  9326 | D:7      | 9326 ||| IDENTIFYING golden potion
  9327 | D:7      | 9327 ||| READING 4 scrolls of identify.
  9327 | D:7      | 9327 ||| IDENTIFYING sedimented grey potion
  9328 | D:7      | 9328 ||| DROPPING potion of brilliance.
  9350 | D:8      | HP: 20/88 [something (6)]
  9352 | D:8      | Killed Erica
  9470 | D:8      | 9470 ||| FLEEEEING.
  9471 | D:8      | 9471 ||| STAIRDANCE
  9875 | D:9      | Noticed a two-headed ogre
  9883 | D:9      | Killed a two-headed ogre
  9884 | D:9      | 9884 ||| STAIRDANCE
 10344 | D:9      | Noticed Pikel
 10354 | D:9      | Killed Pikel
 10505 | D:9      | 10505 ||| INVOKING Sacrifice Artifice.
 10505 | D:9      | Gained mutation: You cannot study or use magical devices.
                  | [Ru sacrifice]
 10505 | D:9      | Reached ** piety under Ru
 10505 | D:9      | Reached *** piety under Ru
 10873 | D:9      | 10873 ||| READING 3 scrolls of identify.
 10873 | D:9      | 10873 ||| IDENTIFYING glowing emerald potion
 10874 | D:9      | 10874 ||| READING 2 scrolls of identify.
 10874 | D:9      | 10874 ||| IDENTIFYING white potion
 10875 | D:9      | 10875 ||| DROPPING potion of flight.
 10876 | D:9      | 10876 ||| DROPPING potion of degeneration.
 10884 | D:10     | Entered Level 10 of the Dungeon
 10888 | D:10     | 10888 ||| STAIRDANCE
 10929 | D:10     | Reached skill level 15 in Axes
 10929 | D:10     | Reached XP level 11. HP: 94/94 MP: 10/10
 10962 | D:10     | 10962 ||| Stepping ~*~*~tactically~*~*~ (stealth).
 10967 | D:10     | 10967 ||| Stepping ~*~*~tactically~*~*~ (stealth).
 10977 | D:10     | 10977 ||| Stepping ~*~*~tactically~*~*~ (hiding).
 11028 | D:10     | 11028 ||| Stepping ~*~*~tactically~*~*~ (hiding).
 11044 | D:10     | 11044 ||| FLEEEEING.
 11045 | D:10     | 11045 ||| FLEEEEING.
 11046 | D:10     | 11046 ||| FLEEEEING.
 11047 | D:10     | 11047 ||| FLEEEEING.
 11048 | D:10     | 11048 ||| FLEEEEING.
 11049 | D:10     | 11049 ||| STAIRDANCE
 11098 | D:10     | 11098 ||| STAIRDANCE
 11171 | D:10     | 11171 ||| Stepping ~*~*~tactically~*~*~ (stealth).
 11246 | D:10     | 11246 ||| Stepping ~*~*~tactically~*~*~ (stealth).
 11259 | D:10     | Reached skill level 9 in Fighting
 11611 | D:10     | 11611 ||| FLEEEEING.
 11612 | D:10     | 11612 ||| FLEEEEING.
 11613 | D:10     | 11613 ||| FLEEEEING.
 11614 | D:10     | 11614 ||| FLEEEEING.
 11615 | D:10     | 11615 ||| FLEEEEING.
 11616 | D:10     | 11616 ||| FLEEEEING.
 11617 | D:10     | 11617 ||| FLEEEEING.
 11618 | D:10     | 11618 ||| FLEEEEING.
 11619 | D:10     | 11619 ||| FLEEEEING.
 11620 | D:10     | 11620 ||| FLEEEEING.
 11621 | D:10     | 11621 ||| FLEEEEING.
 11622 | D:10     | 11622 ||| FLEEEEING.
 11623 | D:10     | 11623 ||| FLEEEEING.
 11624 | D:10     | 11624 ||| FLEEEEING.
 11625 | D:10     | 11625 ||| FLEEEEING.
 11626 | D:10     | 11626 ||| FLEEEEING.
 11627 | D:10     | 11627 ||| FLEEEEING.
 11628 | D:10     | 11628 ||| FLEEEEING.
 11629 | D:10     | 11629 ||| FLEEEEING.
 11630 | D:10     | 11630 ||| FLEEEEING.
 11631 | D:10     | 11631 ||| STAIRDANCE
 11814 | D:10     | 11814 ||| READING scroll labelled BICLEMMU COFEWOGG.
 11997 | D:11     | 11997 ||| Stepping ~*~*~tactically~*~*~ (stealth).
 12008 | D:11     | 12008 ||| Stepping ~*~*~tactically~*~*~ (stealth).
 12027 | D:11     | 12027 ||| FLEEEEING.
 12028 | D:11     | 12028 ||| FLEEEEING.
 12181 | D:11     | Noticed Josephine
 12191 | D:11     | Killed Josephine
 12327 | D:11     | 12327 ||| Stepping ~*~*~tactically~*~*~ (stealth).
 12328 | D:11     | 12328 ||| Stepping ~*~*~tactically~*~*~ (stealth).
 12329 | D:11     | 12329 ||| Stepping ~*~*~tactically~*~*~ (stealth).
 12330 | D:11     | 12330 ||| Stepping ~*~*~tactically~*~*~ (stealth).
 12344 | D:11     | 12344 ||| Stepping ~*~*~tactically~*~*~ (stealth).
 12443 | D:11     | Found a staircase to the Lair.
 12517 | D:11     | 12517 ||| DRINKING potion of cancellation.
 12869 | D:11     | 12869 ||| Stepping ~*~*~tactically~*~*~ (hiding).
 12950 | D:11     | 12950 ||| INVOKING Sacrifice Love.
 12950 | D:11     | Gained mutation: You are hated by all. [Ru sacrifice]
 12950 | D:11     | Reached **** piety under Ru
 13082 | D:11     | 13082 ||| FLEEEEING.
 13083 | D:11     | 13083 ||| FLEEEEING.
 13084 | D:11     | 13084 ||| FLEEEEING.
 13085 | D:11     | 13085 ||| FLEEEEING.
 13086 | D:11     | 13086 ||| FLEEEEING.
 13087 | D:11     | 13087 ||| FLEEEEING.
 13088 | D:11     | 13088 ||| FLEEEEING.
 13089 | D:11     | 13089 ||| FLEEEEING.
 13090 | D:11     | 13090 ||| FLEEEEING.
 13092 | D:11     | 13092 ||| FLEEEEING.
 13093 | D:11     | 13093 ||| FLEEEEING.
 13094 | D:11     | 13094 ||| FLEEEEING.
 13095 | D:11     | 13095 ||| FLEEEEING.
 13096 | D:11     | 13096 ||| STAIRDANCE
 13137 | D:10     | 13137 ||| UPGRADING to +0 pair of boots.
 13142 | D:10     | 13142 ||| DROPPING amulet of faith.
 13143 | D:10     | 13143 ||| READING 2 scrolls of identify.
 13143 | D:10     | 13143 ||| IDENTIFYING glowing green potion
 13146 | D:11     | 13146 ||| STAIRDANCE
 13250 | D:11     | Reached XP level 12. HP: 106/106 MP: 11/11
 13520 | D:11     | 13520 ||| PLANNING LAIR
 13591 | Lair:1   | Entered Level 1 of the Lair of Beasts
 13593 | Lair:1   | 13593 ||| Stepping ~*~*~tactically~*~*~ (stealth).
 13594 | Lair:1   | 13594 ||| Stepping ~*~*~tactically~*~*~ (stealth).
 13595 | Lair:1   | 13595 ||| Stepping ~*~*~tactically~*~*~ (stealth).
 13599 | Lair:1   | 13599 ||| Stepping ~*~*~tactically~*~*~ (stealth).
 13604 | Lair:1   | Reached skill level 10 in Fighting
 13654 | Lair:1   | Reached skill level 9 in Armour
 13833 | Lair:1   | Noticed a five-headed hydra
 13834 | Lair:1   | 13834 ||| Stepping ~*~*~tactically~*~*~ (stealth).
 13837 | Lair:1   | 13837 ||| SWAPPING to +3 flail.
 13843 | Lair:1   | Killed a five-headed hydra
 13844 | Lair:1   | Reached skill level 11 in Fighting
 13844 | Lair:1   | 13844 ||| SWAPPING to +2 spectral war axe.
 14044 | Lair:1   | 14044 ||| READING scroll of enchant weapon.
 14044 | Lair:1   | 14044 ||| ENCHANTING +2 spectral war axe.
 14469 | Lair:1   | 14469 ||| UPGRADING to +0 cloak.
 14474 | Lair:1   | 14474 ||| READING 5 scrolls of identify.
 14474 | Lair:1   | 14474 ||| IDENTIFYING bubbling orange potion
 14475 | Lair:1   | 14475 ||| DROPPING potion of magic.
 14510 | Lair:2   | Found a transporter.
 14522 | Lair:2   | Found a hole to the Spider Nest.
 14607 | Lair:2   | Reached skill level 12 in Shields
 14812 | Lair:2   | 14812 ||| READING scroll of enchant weapon.
 14812 | Lair:2   | 14812 ||| ENCHANTING +3 spectral war axe.
 14833 | Lair:2   | Identified the +6 long sword of Kexihilo {vorpal, rElec
                  | rPois rF+ rN+}
 14834 | Lair:2   | Found a transporter.
 14849 | Lair:2   | Reached skill level 12 in Fighting
 14976 | Lair:2   | 14976 ||| READING scroll of enchant armour.
 14976 | Lair:2   | 14976 ||| ENCHANTING +0 pair of boots.
 15145 | Lair:2   | Found an opulent altar of Gozag.
 15217 | Lair:2   | 15217 ||| INVOKING Sacrifice Nimbleness.
 15217 | Lair:2   | Gained mutation: You cannot train Dodging skill. [Ru
                  | sacrifice]
 15217 | Lair:2   | Reached ***** piety under Ru
 15270 | Lair:2   | Noticed a death yak
 15271 | Lair:2   | 15271 ||| INVOKING Apocalypse.
 15272 | Lair:2   | 15272 ||| FLEEEEING.
 15272 | Lair:2   | Noticed a death yak
 15272 | Lair:2   | Noticed a death yak
 15273 | Lair:2   | 15273 ||| Stepping ~*~*~tactically~*~*~ (stealth).
 15276 | Lair:2   | Noticed a death yak
 15279 | Lair:2   | Killed a death yak
 15285 | Lair:2   | Killed a death yak
 15286 | Lair:2   | Killed a death yak
 15289 | Lair:2   | Killed a death yak
 15293 | Lair:2   | Reached XP level 13. HP: 37/118 MP: 5/12
 15632 | Lair:2   | 15632 ||| Stepping ~*~*~tactically~*~*~ (stealth).
 15634 | Lair:2   | 15634 ||| INVOKING Apocalypse.
 15660 | Lair:2   | 15660 ||| FLEEEEING.
 15708 | Lair:2   | Found a staircase to the Swamp.
 15749 | Lair:2   | 15749 ||| Stepping ~*~*~tactically~*~*~ (stealth).
 16586 | Lair:3   | 16586 ||| Stepping ~*~*~tactically~*~*~ (hiding).
 16589 | Lair:3   | 16589 ||| Stepping ~*~*~tactically~*~*~ (stealth).
 16883 | Lair:3   | 16883 ||| Stepping ~*~*~tactically~*~*~ (stealth).
 16894 | Lair:3   | Reached skill level 13 in Fighting
 16896 | Lair:3   | 16896 ||| FLEEEEING.
 16900 | Lair:3   | 16900 ||| FLEEEEING.
 16901 | Lair:3   | 16901 ||| FLEEEEING.
 16902 | Lair:3   | 16902 ||| FLEEEEING.
 16903 | Lair:3   | 16903 ||| FLEEEEING.
 16904 | Lair:3   | 16904 ||| FLEEEEING.
 16905 | Lair:3   | 16905 ||| FLEEEEING.
 16906 | Lair:3   | 16906 ||| STAIRDANCE
 17043 | Lair:3   | 17043 ||| Stepping ~*~*~tactically~*~*~ (stealth).
 17048 | Lair:3   | 17048 ||| FLEEEEING.
 17049 | Lair:3   | 17049 ||| FLEEEEING.
 17050 | Lair:3   | 17050 ||| FLEEEEING.
 17051 | Lair:3   | 17051 ||| FLEEEEING.
 17052 | Lair:3   | 17052 ||| FLEEEEING.
 17053 | Lair:3   | 17053 ||| STAIRDANCE
 17056 | Lair:3   | 17056 ||| STAIRDANCE
 17169 | Lair:3   | 17169 ||| STAIRDANCE
 17227 | Lair:3   | 17227 ||| INVOKING Apocalypse.
 17228 | Lair:3   | 17228 ||| STAIRDANCE
 17835 | Lair:3   | Reached skill level 12 in Armour
 17964 | Lair:3   | 17964 ||| DRINKING 2 lumpy white potions.
 18011 | Lair:4   | Noticed qw's ghost (journeyman TrCA)
 18184 | Lair:4   | 18184 ||| INVOKING Reject Sacrifices.
 18224 | Lair:4   | Found a staircase to the Slime Pits.
 18307 | Lair:4   | 18307 ||| INVOKING Apocalypse.
 18308 | Lair:4   | 18308 ||| FLEEEEING.
 18309 | Lair:4   | 18309 ||| FLEEEEING.
 18310 | Lair:4   | 18310 ||| FLEEEEING.
 18327 | Lair:4   | 18327 ||| FLEEEEING.
 18328 | Lair:4   | 18328 ||| FLEEEEING.
 18341 | Lair:4   | 18341 ||| SWAPPING to +3 flail.
 18351 | Lair:4   | 18351 ||| SWAPPING to +4 spectral war axe.
 18643 | Lair:4   | Found a transporter.
 18649 | Lair:4   | Found a transporter.
 18770 | Lair:4   | 18770 ||| FLEEEEING.
 18771 | Lair:4   | 18771 ||| FLEEEEING.
 18772 | Lair:4   | 18772 ||| FLEEEEING.
 19110 | Lair:4   | 19110 ||| UPGRADING to scarf of resistance.
 19120 | Lair:4   | 19120 ||| READING 11 scrolls of identify.
 19120 | Lair:4   | 19120 ||| IDENTIFYING bubbling golden potion
 19121 | Lair:4   | 19121 ||| DROPPING potion of berserk rage.
 19171 | Lair:5   | Entered Level 5 of the Lair of Beasts
 19175 | Lair:5   | 19175 ||| STAIRDANCE
 19181 | Lair:5   | 19181 ||| STAIRDANCE
 19187 | Lair:4   | Reached skill level 14 in Fighting
 19316 | Lair:5   | 19316 ||| STAIRDANCE
 19318 | Lair:4   | 19318 ||| INVOKING Apocalypse.
 19381 | Lair:5   | 19381 ||| STAIRDANCE
 19489 | Lair:5   | 19489 ||| STAIRDANCE
 19499 | Lair:5   | 19499 ||| INVOKING Apocalypse.
 19500 | Lair:5   | 19500 ||| STAIRDANCE
 19565 | Lair:5   | 19565 ||| STAIRDANCE
 19741 | Lair:5   | 19741 ||| FLEEEEING.
 19742 | Lair:5   | 19742 ||| FLEEEEING.
 19743 | Lair:5   | 19743 ||| FLEEEEING.
 19763 | Lair:5   | Reached skill level 15 in Fighting
 19765 | Lair:5   | 19765 ||| INVOKING Apocalypse.
 19773 | Lair:5   | Reached XP level 14. HP: 59/129 MP: 5/13
 19773 | Lair:5   | 19773 ||| FLEEEEING.
 19774 | Lair:5   | 19774 ||| FLEEEEING.
 19775 | Lair:5   | 19775 ||| FLEEEEING.
 19776 | Lair:5   | 19776 ||| FLEEEEING.
 19777 | Lair:5   | 19777 ||| FLEEEEING.
 19778 | Lair:5   | 19778 ||| FLEEEEING.
 19779 | Lair:5   | 19779 ||| STAIRDANCE
 20000 | Lair:5   | 20000 ||| STAIRDANCE
 20023 | Lair:5   | 20023 ||| STAIRDANCE
 20129 | Lair:5   | 20129 ||| Stepping ~*~*~tactically~*~*~ (stealth).
 20188 | Lair:5   | 20188 ||| Stepping ~*~*~tactically~*~*~ (stealth).
 20252 | Lair:5   | 20252 ||| Stepping ~*~*~tactically~*~*~ (stealth).
 20254 | Lair:5   | 20254 ||| Stepping ~*~*~tactically~*~*~ (hiding).
 20368 | Lair:5   | 20368 ||| Stepping ~*~*~tactically~*~*~ (stealth).
 20376 | Lair:5   | 20376 ||| READING scroll of enchant armour.
 20376 | Lair:5   | 20376 ||| ENCHANTING +1 pair of boots.
 20416 | Lair:5   | 20416 ||| Stepping ~*~*~tactically~*~*~ (hiding).
 20433 | Lair:5   | 20433 ||| INVOKING Apocalypse.
 20436 | Lair:5   | HP: 29/117 [poison (poison gas)]
 20438 | Lair:5   | 20438 ||| READING 3 scrolls of teleportation.
 20439 | Lair:5   | 20439 ||| DRINKING 2 potions of heal wounds.
 20443 | Lair:5   | 20443 ||| Stepping ~*~*~tactically~*~*~ (stealth).
 20444 | Lair:5   | HP: 29/117 [poison (poison gas)]
 20445 | Lair:5   | 20445 ||| READING 2 scrolls of teleportation.
 20446 | Lair:5   | 20446 ||| DRINKING potion of heal wounds.
 20458 | Lair:5   | 20458 ||| Stepping ~*~*~tactically~*~*~ (stealth).
 20757 | Lair:5   | Reached skill level 15 in Shields
 21252 | Lair:5   | 21252 ||| Stepping ~*~*~tactically~*~*~ (stealth).
 21420 | Lair:5   | Found a corrupted altar of Lugonu.
 21420 | Lair:5   | Found a one-way gate to the infinite horrors of the Abyss.
 21813 | Lair:5   | 21813 ||| PLANNING D
 21813 | Lair:5   | 21813 ||| DROPPING +1 chain mail of cold resistance.
 21943 | D:12     | 21943 ||| Stepping ~*~*~tactically~*~*~ (stealth).
 22003 | D:12     | Reached skill level 16 in Fighting
 22227 | D:12     | 22227 ||| Stepping ~*~*~tactically~*~*~ (hiding).
 22235 | D:12     | 22235 ||| Stepping ~*~*~tactically~*~*~ (hiding).
 22236 | D:12     | 22236 ||| Stepping ~*~*~tactically~*~*~ (hiding).
 22258 | D:12     | Found Ycolaemisin's General Store.
 22369 | D:12     | 22369 ||| INVOKING Apocalypse.
 22412 | D:12     | 22412 ||| Stepping ~*~*~tactically~*~*~ (stealth).
 22454 | D:12     | Found a staircase to the Orcish Mines.
 22549 | D:12     | 22549 ||| Stepping ~*~*~tactically~*~*~ (stealth).
 22979 | D:13     | 22979 ||| PLANNING GAUNTLET
 23008 | D:13     | Reached skill level 3 in Throwing
 23025 | D:13     | 23025 ||| Stepping ~*~*~tactically~*~*~ (hiding).
 23035 | D:13     | 23035 ||| Stepping ~*~*~tactically~*~*~ (hiding).
 23063 | D:13     | Found a gate to the Vaults.
 23068 | D:13     | 23068 ||| FLEEEEING.
 23194 | D:13     | 23194 ||| FLEEEEING.
 23199 | D:13     | 23199 ||| FLEEEEING.
 23200 | D:13     | 23200 ||| FLEEEEING.
 23201 | D:13     | 23201 ||| STAIRDANCE
 23252 | D:13     | 23252 ||| STAIRDANCE
 23309 | D:13     | 23309 ||| STAIRDANCE
 23410 | D:13     | 23410 ||| Stepping ~*~*~tactically~*~*~ (stealth).
 23443 | D:13     | 23443 ||| RIP GAUNTLET
 23460 | D:13     | 23460 ||| PLANNING D
 23518 | D:13     | 23518 ||| INVOKING Apocalypse.
 23519 | D:13     | 23519 ||| FLEEEEING.
 23520 | D:13     | 23520 ||| FLEEEEING.
 23521 | D:13     | 23521 ||| FLEEEEING.
 23522 | D:13     | 23522 ||| FLEEEEING.
 23523 | D:13     | 23523 ||| FLEEEEING.
 23524 | D:13     | 23524 ||| FLEEEEING.
 23525 | D:13     | 23525 ||| FLEEEEING.
 23526 | D:13     | 23526 ||| FLEEEEING.
 23527 | D:13     | 23527 ||| FLEEEEING.
 23532 | D:13     | 23532 ||| FLEEEEING.
 23534 | D:13     | 23534 ||| FLEEEEING.
 23535 | D:13     | 23535 ||| STAIRDANCE
 23866 | D:13     | 23866 ||| FLEEEEING.
 23867 | D:13     | 23867 ||| FLEEEEING.
 23868 | D:13     | 23868 ||| FLEEEEING.
 23869 | D:13     | 23869 ||| FLEEEEING.
 23870 | D:13     | 23870 ||| FLEEEEING.
 23871 | D:13     | 23871 ||| FLEEEEING.
 23872 | D:13     | 23872 ||| FLEEEEING.
 23873 | D:13     | 23873 ||| STAIRDANCE
 23972 | D:12     | 23972 ||| UPGRADING to amulet of the acrobat.
 23977 | D:12     | 23977 ||| READING 13 scrolls of identify.
 23977 | D:12     | 23977 ||| IDENTIFYING lumpy yellow potion
 24098 | D:13     | Noticed Frances
 24099 | D:13     | 24099 ||| INVOKING Apocalypse.
 24100 | D:13     | 24100 ||| FLEEEEING.
 24101 | D:13     | 24101 ||| FLEEEEING.
 24102 | D:13     | 24102 ||| FLEEEEING.
 24117 | D:13     | 24117 ||| FLEEEEING.
 24118 | D:13     | 24118 ||| FLEEEEING.
 24119 | D:13     | 24119 ||| FLEEEEING.
 24140 | D:13     | 24140 ||| Stepping ~*~*~tactically~*~*~ (hiding).
 24150 | D:13     | Killed Frances
 24211 | D:13     | 24211 ||| Stepping ~*~*~tactically~*~*~ (hiding).
 24220 | D:13     | Reached skill level 17 in Fighting
 24783 | D:14     | 24783 ||| INVOKING Apocalypse.
 24784 | D:14     | 24784 ||| FLEEEEING.
 24785 | D:14     | 24785 ||| FLEEEEING.
 24786 | D:14     | 24786 ||| FLEEEEING.
 24787 | D:14     | 24787 ||| FLEEEEING.
 24788 | D:14     | 24788 ||| FLEEEEING.
 24789 | D:14     | 24789 ||| FLEEEEING.
 25081 | D:14     | 25081 ||| READING scroll of enchant weapon.
 25081 | D:14     | 25081 ||| ENCHANTING +4 spectral war axe.
 25098 | D:14     | 25098 ||| Stepping ~*~*~tactically~*~*~ (hiding).
 25114 | D:14     | 25114 ||| FLEEEEING.
 25115 | D:14     | 25115 ||| FLEEEEING.
 25116 | D:14     | 25116 ||| STAIRDANCE
 25346 | D:14     | 25346 ||| Stepping ~*~*~tactically~*~*~ (hiding).
 25365 | D:14     | 25365 ||| Stepping ~*~*~tactically~*~*~ (stealth).
 25389 | D:14     | 25389 ||| INVOKING Apocalypse.
 25422 | D:14     | 25422 ||| FLEEEEING.
 25423 | D:14     | 25423 ||| FLEEEEING.
 25424 | D:14     | 25424 ||| FLEEEEING.
 25425 | D:14     | 25425 ||| FLEEEEING.
 25426 | D:14     | 25426 ||| SWAPPING to +3 flail.
 25437 | D:14     | 25437 ||| SWAPPING to +5 spectral war axe.
 25731 | D:14     | Reached XP level 15. HP: 129/130 MP: 14/14
 26006 | D:14     | 26006 ||| INVOKING Sacrifice Stealth.
 26006 | D:14     | Gained mutation: You cannot be stealthy. [Ru sacrifice]
 26230 | D:14     | Found a portal to a secret trove of treasure.
 26273 | D:15     | Entered Level 15 of the Dungeon
 26274 | D:15     | 26274 ||| Stepping ~*~*~tactically~*~*~ (hiding).
 26432 | D:15     | 26432 ||| Stepping randomly (cloudy).
 26450 | D:15     | 26450 ||| FLEEEEING.
 26588 | D:15     | 26588 ||| INVOKING Apocalypse.
 26589 | D:15     | Reached skill level 15 in Armour
 26643 | D:15     | 26643 ||| Stepping ~*~*~tactically~*~*~ (stealth).
 26650 | D:15     | 26650 ||| Stepping ~*~*~tactically~*~*~ (stealth).
 26651 | D:15     | 26651 ||| Stepping ~*~*~tactically~*~*~ (stealth).
 26652 | D:15     | 26652 ||| Stepping ~*~*~tactically~*~*~ (stealth).
 26919 | D:15     | 26919 ||| Stepping ~*~*~tactically~*~*~ (stealth).
 26937 | D:15     | 26937 ||| INVOKING Apocalypse.
 26939 | D:15     | 26939 ||| SWAPPING to +3 flail.
 26944 | D:15     | 26944 ||| SWAPPING to +5 spectral war axe.
 26966 | D:15     | 26966 ||| Stepping ~*~*~tactically~*~*~ (stealth).
 27066 | D:15     | Found a staircase to the Depths.
 27169 | D:15     | Identified the +9 flail of Iczecher {venom, Int+2}
 27171 | D:15     | 27171 ||| DROPPING +3 flail.
 27172 | D:15     | 27172 ||| DROPPING ring of willpower.
 27173 | D:15     | 27173 ||| PLANNING ORC
 27250 | Orc:1    | Entered Level 1 of the Orcish Mines
 27252 | Orc:1    | 27252 ||| Stepping ~*~*~tactically~*~*~ (stealth).
 27256 | Orc:1    | 27256 ||| Stepping ~*~*~tactically~*~*~ (stealth).
 27272 | Orc:1    | 27272 ||| DROPPING +9 flail of Iczecher {venom, Int+2}.
 27429 | Orc:2    | Entered Level 2 of the Orcish Mines
 27501 | Orc:2    | Found a staircase to the Elven Halls.
 27510 | Orc:2    | Noticed Snorg
 27518 | Orc:2    | Killed Snorg
 27533 | Orc:2    | 27533 ||| Stepping ~*~*~tactically~*~*~ (hiding).
 27547 | Orc:2    | 27547 ||| Stepping ~*~*~tactically~*~*~ (stealth).
 27549 | Orc:2    | 27549 ||| Stepping ~*~*~tactically~*~*~ (hiding).
 27581 | Orc:2    | 27581 ||| Stepping ~*~*~tactically~*~*~ (stealth).
 27609 | Orc:2    | 27609 ||| Stepping ~*~*~tactically~*~*~ (stealth).
 27611 | Orc:2    | 27611 ||| Stepping ~*~*~tactically~*~*~ (hiding).
 27614 | Orc:2    | 27614 ||| Stepping ~*~*~tactically~*~*~ (hiding).
 27615 | Orc:2    | 27615 ||| Stepping ~*~*~tactically~*~*~ (hiding).
 27628 | Orc:2    | 27628 ||| Stepping ~*~*~tactically~*~*~ (stealth).
 27653 | Orc:2    | 27653 ||| FLEEEEING.
 27654 | Orc:2    | 27654 ||| FLEEEEING.
 27655 | Orc:2    | 27655 ||| FLEEEEING.
 27699 | Orc:2    | 27699 ||| Stepping ~*~*~tactically~*~*~ (stealth).
 27707 | Orc:2    | Reached skill level 18 in Fighting
 27796 | Orc:2    | 27796 ||| Stepping ~*~*~tactically~*~*~ (hiding).
 27798 | Orc:2    | 27798 ||| Stepping ~*~*~tactically~*~*~ (hiding).
 27819 | Orc:2    | 27819 ||| Stepping ~*~*~tactically~*~*~ (stealth).
 27820 | Orc:2    | 27820 ||| Stepping ~*~*~tactically~*~*~ (stealth).
 27946 | Orc:2    | 27946 ||| INVOKING Sacrifice Skill.
 27946 | Orc:2    | Gained mutation: You are somewhat unskilled. (-1 Apt) [Ru
                  | sacrifice]
 27946 | Orc:2    | Reduced skill Fighting to level 16
 27946 | Orc:2    | Reduced skill Axes to level 15
 27946 | Orc:2    | Reduced skill Throwing to level 3
 27946 | Orc:2    | Reached ****** piety under Ru
 27988 | Orc:2    | 27988 ||| FLEEEEING.
 27995 | Orc:2    | 27995 ||| FLEEEEING.
 27997 | Orc:2    | 27997 ||| Stepping ~*~*~tactically~*~*~ (hiding).
 28000 | Orc:2    | 28000 ||| Stepping ~*~*~tactically~*~*~ (hiding).
 28001 | Orc:2    | 28001 ||| Stepping ~*~*~tactically~*~*~ (hiding).
 28006 | Orc:2    | 28006 ||| Stepping ~*~*~tactically~*~*~ (stealth).
 28048 | Orc:2    | 28048 ||| Stepping ~*~*~tactically~*~*~ (stealth).
 28060 | Orc:2    | 28060 ||| Stepping ~*~*~tactically~*~*~ (hiding).
 28072 | Orc:2    | 28072 ||| Stepping ~*~*~tactically~*~*~ (hiding).
 28077 | Orc:2    | Found Piazett's Book Emporium.
 28077 | Orc:2    | Found Bufiag's Antique Armour Boutique.
 28141 | Orc:2    | 28141 ||| Stepping ~*~*~tactically~*~*~ (stealth).
 28145 | Orc:2    | 28145 ||| BUYING ice dragon scales (1260 gold).
 28145 | Orc:2    | Bought ice dragon scales for 1260 gold pieces
 28145 | Orc:2    | 28145 ||| SHOPLISTING scorched fire dragon scales (1365
                  | gold, have 649).
 28145 | Orc:2    | 28145 ||| BUYING shimmering plate armour (588 gold).
 28145 | Orc:2    | Bought a shimmering plate armour for 588 gold pieces
 28145 | Orc:2    | Identified the +8 plate armour of Glamorous Joy {rElec rC-
                  | Str+4} (You bought it in a shop on level 2 of the Orcish
                  | Mines)
 28182 | Orc:2    | 28182 ||| INVOKING Apocalypse.
 28197 | Orc:2    | 28197 ||| FLEEEEING.
 28198 | Orc:2    | 28198 ||| FLEEEEING.
 28199 | Orc:2    | 28199 ||| FLEEEEING.
 28200 | Orc:2    | 28200 ||| FLEEEEING.
 28201 | Orc:2    | 28201 ||| FLEEEEING.
 28202 | Orc:2    | 28202 ||| FLEEEEING.
 28203 | Orc:2    | 28203 ||| FLEEEEING.
 28204 | Orc:2    | 28204 ||| FLEEEEING.
 28205 | Orc:2    | 28205 ||| FLEEEEING.
 28206 | Orc:2    | 28206 ||| FLEEEEING.
 28209 | Orc:2    | 28209 ||| FLEEEEING.
 28210 | Orc:2    | 28210 ||| FLEEEEING.
 28211 | Orc:2    | 28211 ||| FLEEEEING.
 28212 | Orc:2    | 28212 ||| FLEEEEING.
 28213 | Orc:2    | 28213 ||| FLEEEEING.
 28214 | Orc:2    | 28214 ||| FLEEEEING.
 28215 | Orc:2    | 28215 ||| FLEEEEING.
 28216 | Orc:2    | 28216 ||| FLEEEEING.
 28217 | Orc:2    | 28217 ||| FLEEEEING.
 28218 | Orc:2    | 28218 ||| FLEEEEING.
 28219 | Orc:2    | 28219 ||| FLEEEEING.
 28221 | Orc:2    | 28221 ||| FLEEEEING.
 28222 | Orc:2    | 28222 ||| FLEEEEING.
 28224 | Orc:2    | 28224 ||| FLEEEEING.
 28229 | Orc:2    | 28229 ||| FLEEEEING.
 28230 | Orc:2    | 28230 ||| FLEEEEING.
 28231 | Orc:2    | 28231 ||| FLEEEEING.
 28232 | Orc:2    | 28232 ||| FLEEEEING.
 28233 | Orc:2    | 28233 ||| FLEEEEING.
 28233 | Orc:2    | Paralysed by an orc sorcerer for 5 turns
 28240 | Orc:2    | 28240 ||| STAIRDANCE
 28384 | Orc:1    | 28384 ||| Stepping ~*~*~tactically~*~*~ (stealth).
 28389 | Orc:1    | 28389 ||| Stepping ~*~*~tactically~*~*~ (stealth).
 28390 | Orc:1    | 28390 ||| Stepping ~*~*~tactically~*~*~ (stealth).
 28391 | Orc:1    | 28391 ||| Stepping ~*~*~tactically~*~*~ (hiding).
 28392 | Orc:1    | 28392 ||| Stepping ~*~*~tactically~*~*~ (stealth).
 28393 | Orc:1    | 28393 ||| Stepping ~*~*~tactically~*~*~ (stealth).
 28560 | Orc:1    | Found Ogit's Antique Weapon Shop.
 28590 | Orc:1    | 28590 ||| Stepping ~*~*~tactically~*~*~ (hiding).
 28593 | Orc:1    | 28593 ||| Stepping ~*~*~tactically~*~*~ (hiding).
 28610 | Orc:1    | 28610 ||| Stepping ~*~*~tactically~*~*~ (stealth).
 28757 | Orc:1    | 28757 ||| Stepping ~*~*~tactically~*~*~ (stealth).
 28759 | Orc:1    | 28759 ||| Stepping ~*~*~tactically~*~*~ (stealth).
 28760 | Orc:1    | 28760 ||| Stepping ~*~*~tactically~*~*~ (stealth).
 28761 | Orc:1    | 28761 ||| Stepping ~*~*~tactically~*~*~ (stealth).
 28885 | Orc:1    | Found a runed translucent gate.
 28885 | Orc:1    | Found a runed translucent gate.
 28885 | Orc:1    | Found a runed translucent gate.
 28886 | Orc:1    | Found an iron altar of Okawaru.
 28886 | Orc:1    | Noticed Rygut's ghost (journeyman DrFi)
 28887 | Orc:1    | Noticed an orc warlord
 29003 | Orc:1    | 29003 ||| DROPPING +0 ice dragon scales.
 29004 | Orc:1    | 29004 ||| UPGRADING to +8 plate armour of Glamorous Joy
                  | {rElec rC- Str+4}.
 29014 | Orc:1    | 29014 ||| DROPPING +0 plate armour.
 29118 | Orc:2    | Found Dyocow's Book Emporium.
 29118 | Orc:2    | Found Eribi's Magic Scroll Boutique.
 29124 | Orc:2    | 29124 ||| BUYING scroll of teleportation (33 gold).
 29124 | Orc:2    | Bought a scroll of teleportation for 33 gold pieces
 29124 | Orc:2    | 29124 ||| BUYING scroll of teleportation (33 gold).
 29124 | Orc:2    | Bought a scroll of teleportation for 33 gold pieces
 29136 | Orc:2    | 29136 ||| Stepping ~*~*~tactically~*~*~ (stealth).
 29139 | Orc:2    | 29139 ||| Stepping ~*~*~tactically~*~*~ (hiding).
 29205 | Orc:2    | 29205 ||| Stepping ~*~*~tactically~*~*~ (stealth).
 29295 | Orc:2    | Found Maoh Enn's Overcharged Wands.
 29344 | Orc:2    | 29344 ||| FLEEEEING.
 29345 | Orc:2    | 29345 ||| FLEEEEING.
 29353 | Orc:2    | 29353 ||| FLEEEEING.
 29354 | Orc:2    | 29354 ||| FLEEEEING.
 29355 | Orc:2    | 29355 ||| FLEEEEING.
 29359 | Orc:2    | 29359 ||| Stepping ~*~*~tactically~*~*~ (hiding).
 29364 | Orc:2    | Noticed Sonja
 29373 | Orc:2    | Killed Sonja
 30000 | Orc:2    | 30000 ||| PLANNING SPIDER:1-3
 30129 | Spider:1 | Entered Level 1 of the Spider Nest
 30136 | Spider:1 | 30136 ||| Stepping ~*~*~tactically~*~*~ (stealth).
 30146 | Spider:1 | 30146 ||| Stepping ~*~*~tactically~*~*~ (stealth).
 30147 | Spider:1 | 30147 ||| Stepping ~*~*~tactically~*~*~ (stealth).
 30239 | Spider:1 | 30239 ||| Stepping ~*~*~tactically~*~*~ (stealth).
 30270 | Spider:1 | 30270 ||| Stepping ~*~*~tactically~*~*~ (stealth).
 30275 | Spider:1 | 30275 ||| Stepping ~*~*~tactically~*~*~ (stealth).
 30276 | Spider:1 | 30276 ||| Stepping ~*~*~tactically~*~*~ (stealth).
 30277 | Spider:1 | 30277 ||| Stepping ~*~*~tactically~*~*~ (stealth).
 30278 | Spider:1 | 30278 ||| Stepping ~*~*~tactically~*~*~ (stealth).
 30279 | Spider:1 | 30279 ||| Stepping ~*~*~tactically~*~*~ (stealth).
 30280 | Spider:1 | 30280 ||| Stepping ~*~*~tactically~*~*~ (stealth).
 30281 | Spider:1 | 30281 ||| Stepping ~*~*~tactically~*~*~ (stealth).
 30287 | Spider:1 | 30287 ||| Stepping ~*~*~tactically~*~*~ (stealth).
 30292 | Spider:1 | 30292 ||| Stepping ~*~*~tactically~*~*~ (stealth).
 30293 | Spider:1 | 30293 ||| Stepping ~*~*~tactically~*~*~ (stealth).
 30295 | Spider:1 | 30295 ||| Stepping ~*~*~tactically~*~*~ (stealth).
 30329 | Spider:1 | 30329 ||| Stepping ~*~*~tactically~*~*~ (stealth).
 30331 | Spider:1 | 30331 ||| Stepping ~*~*~tactically~*~*~ (hiding).
 30529 | Spider:1 | 30529 ||| Stepping ~*~*~tactically~*~*~ (stealth).
 30532 | Spider:1 | 30532 ||| Stepping ~*~*~tactically~*~*~ (stealth).
 30555 | Spider:1 | 30555 ||| Stepping ~*~*~tactically~*~*~ (stealth).
 30583 | Spider:1 | Reached skill level 15 in Shields
 30697 | Spider:1 | 30697 ||| Stepping ~*~*~tactically~*~*~ (stealth).
 30794 | Spider:1 | 30794 ||| INVOKING Apocalypse.
 30800 | Spider:1 | 30800 ||| Stepping ~*~*~tactically~*~*~ (stealth).
 30817 | Spider:1 | 30817 ||| Stepping ~*~*~tactically~*~*~ (stealth).
 30856 | Spider:1 | 30856 ||| Stepping ~*~*~tactically~*~*~ (stealth).
 30861 | Spider:1 | 30861 ||| Stepping ~*~*~tactically~*~*~ (stealth).
 30870 | Spider:1 | Reached skill level 17 in Fighting
 30959 | Spider:1 | 30959 ||| Stepping ~*~*~tactically~*~*~ (stealth).
 30996 | Spider:1 | 30996 ||| Stepping ~*~*~tactically~*~*~ (hiding).
 30997 | Spider:1 | 30997 ||| Stepping ~*~*~tactically~*~*~ (hiding).
 31001 | Spider:1 | 31001 ||| INVOKING Apocalypse.
 31297 | Spider:1 | 31297 ||| Stepping ~*~*~tactically~*~*~ (stealth).
 31376 | Spider:1 | 31376 ||| Stepping ~*~*~tactically~*~*~ (stealth).
 31536 | Spider:1 | 31536 ||| Stepping randomly (disturbance).
 31537 | Spider:1 | 31537 ||| Stepping randomly (disturbance).
 31538 | Spider:1 | 31538 ||| Stepping randomly (disturbance).
 31539 | Spider:1 | 31539 ||| Stepping randomly (disturbance).
 31540 | Spider:1 | 31540 ||| Stepping randomly (disturbance).
 31541 | Spider:1 | 31541 ||| Stepping randomly (disturbance).
 31542 | Spider:1 | 31542 ||| Stepping randomly (disturbance).
 31810 | Spider:1 | Reached XP level 16. HP: 141/142 MP: 15/15
 31964 | Spider:1 | 31964 ||| Stepping ~*~*~tactically~*~*~ (stealth).
 32075 | Spider:2 | 32075 ||| Stepping randomly (disturbance).
 32199 | Spider:2 | 32199 ||| FLEEEEING.
 32200 | Spider:2 | 32200 ||| FLEEEEING.
 32201 | Spider:2 | 32201 ||| FLEEEEING.
 32202 | Spider:2 | 32202 ||| FLEEEEING.
 32203 | Spider:2 | 32203 ||| STAIRDANCE
 32207 | Spider:2 | 32207 ||| STAIRDANCE
 32484 | Spider:2 | 32484 ||| Stepping ~*~*~tactically~*~*~ (stealth).
 32489 | Spider:2 | 32489 ||| Stepping ~*~*~tactically~*~*~ (stealth).
 32588 | Spider:2 | 32588 ||| Stepping ~*~*~tactically~*~*~ (stealth).
 32590 | Spider:2 | 32590 ||| Stepping ~*~*~tactically~*~*~ (hiding).
 32713 | Spider:2 | 32713 ||| Stepping ~*~*~tactically~*~*~ (hiding).
 32728 | Spider:2 | 32728 ||| Stepping ~*~*~tactically~*~*~ (stealth).
 32733 | Spider:2 | 32733 ||| Stepping ~*~*~tactically~*~*~ (hiding).
 32924 | Spider:2 | 32924 ||| Stepping ~*~*~tactically~*~*~ (stealth).
 32968 | Spider:2 | Reached skill level 15 in Armour
 32983 | Spider:2 | 32983 ||| Stepping ~*~*~tactically~*~*~ (stealth).
 32989 | Spider:2 | 32989 ||| Stepping ~*~*~tactically~*~*~ (stealth).
 32990 | Spider:2 | 32990 ||| Stepping ~*~*~tactically~*~*~ (hiding).
 33006 | Spider:2 | 33006 ||| Stepping ~*~*~tactically~*~*~ (stealth).
 33007 | Spider:2 | 33007 ||| Stepping ~*~*~tactically~*~*~ (stealth).
 33093 | Spider:2 | 33093 ||| Stepping ~*~*~tactically~*~*~ (stealth).
 33095 | Spider:2 | 33095 ||| Stepping ~*~*~tactically~*~*~ (hiding).
 33361 | Spider:2 | 33361 ||| INVOKING Apocalypse.
 33467 | Spider:2 | 33467 ||| FLEEEEING.
 33469 | Spider:2 | 33469 ||| FLEEEEING.
 33470 | Spider:2 | 33470 ||| FLEEEEING.
 33471 | Spider:2 | 33471 ||| FLEEEEING.
 33472 | Spider:2 | 33472 ||| STAIRDANCE
 33679 | Spider:2 | 33679 ||| Stepping ~*~*~tactically~*~*~ (cloud).
 33680 | Spider:2 | 33680 ||| FLEEEEING.
 33684 | Spider:2 | 33684 ||| STAIRDANCE
 33938 | Spider:2 | 33938 ||| Stepping ~*~*~tactically~*~*~ (stealth).
 33942 | Spider:2 | 33942 ||| Stepping ~*~*~tactically~*~*~ (stealth).
 34001 | Spider:2 | 34001 ||| Stepping ~*~*~tactically~*~*~ (stealth).
 34004 | Spider:2 | 34004 ||| Stepping ~*~*~tactically~*~*~ (hiding).
 34009 | Spider:2 | Reached skill level 18 in Fighting
 34300 | Spider:3 | 34300 ||| Stepping randomly (disturbance).
 34301 | Spider:3 | 34301 ||| Stepping randomly (disturbance).
 34302 | Spider:3 | 34302 ||| Stepping randomly (disturbance).
 34313 | Spider:3 | 34313 ||| STAIRDANCE
 34462 | Spider:3 | 34462 ||| Stepping ~*~*~tactically~*~*~ (hiding).
 34464 | Spider:3 | 34464 ||| INVOKING Apocalypse.
 34597 | Spider:3 | 34597 ||| FLEEEEING.
 34598 | Spider:3 | 34598 ||| FLEEEEING.
 34599 | Spider:3 | 34599 ||| FLEEEEING.
 34600 | Spider:3 | 34600 ||| STAIRDANCE
 34678 | Spider:3 | 34678 ||| READING scroll of enchant weapon.
 34678 | Spider:3 | 34678 ||| ENCHANTING +5 spectral war axe.
 34700 | Spider:3 | 34700 ||| Stepping ~*~*~tactically~*~*~ (stealth).
 34702 | Spider:3 | 34702 ||| Stepping ~*~*~tactically~*~*~ (hiding).
 34798 | Spider:3 | 34798 ||| Stepping ~*~*~tactically~*~*~ (stealth).
 34808 | Spider:3 | 34808 ||| Stepping ~*~*~tactically~*~*~ (stealth).
 34809 | Spider:3 | 34809 ||| Stepping ~*~*~tactically~*~*~ (stealth).
 34826 | Spider:3 | 34826 ||| Stepping ~*~*~tactically~*~*~ (stealth).
 34834 | Spider:3 | Noticed Nikola
 34835 | Spider:3 | 34835 ||| Stepping ~*~*~tactically~*~*~ (stealth).
 34837 | Spider:3 | 34837 ||| INVOKING Apocalypse.
 34840 | Spider:3 | 34840 ||| Stepping ~*~*~tactically~*~*~ (hiding).
 34848 | Spider:3 | 34848 ||| FLEEEEING.
 34851 | Spider:3 | 34851 ||| FLEEEEING.
 34853 | Spider:3 | 34853 ||| Stepping ~*~*~tactically~*~*~ (hiding).
 34854 | Spider:3 | 34854 ||| Stepping ~*~*~tactically~*~*~ (hiding).
 34865 | Spider:3 | Killed Nikola
 34866 | Spider:3 | 34866 ||| FLEEEEING.
 34867 | Spider:3 | 34867 ||| FLEEEEING.
 34871 | Spider:3 | 34871 ||| STAIRDANCE
 35026 | Spider:3 | 35026 ||| Stepping ~*~*~tactically~*~*~ (stealth).
 35036 | Spider:3 | 35036 ||| Stepping ~*~*~tactically~*~*~ (stealth).
 35037 | Spider:3 | 35037 ||| Stepping ~*~*~tactically~*~*~ (stealth).
 35063 | Spider:3 | 35063 ||| Stepping ~*~*~tactically~*~*~ (stealth).
 35115 | Spider:3 | 35115 ||| Stepping ~*~*~tactically~*~*~ (stealth).
 35118 | Spider:3 | 35118 ||| Stepping ~*~*~tactically~*~*~ (hiding).
 35343 | Spider:3 | 35343 ||| Stepping ~*~*~tactically~*~*~ (stealth).
 35344 | Spider:3 | 35344 ||| Stepping ~*~*~tactically~*~*~ (stealth).
 35345 | Spider:3 | 35345 ||| Stepping ~*~*~tactically~*~*~ (stealth).
 35382 | Spider:3 | 35382 ||| Stepping ~*~*~tactically~*~*~ (hiding).
 35412 | Spider:3 | 35412 ||| Stepping ~*~*~tactically~*~*~ (hiding).
 35414 | Spider:3 | 35414 ||| FLEEEEING.
 35417 | Spider:3 | 35417 ||| Stepping ~*~*~tactically~*~*~ (hiding).
 35418 | Spider:3 | 35418 ||| FLEEEEING.
 35430 | Spider:3 | 35430 ||| Stepping ~*~*~tactically~*~*~ (stealth).
 35442 | Spider:3 | 35442 ||| Stepping ~*~*~tactically~*~*~ (stealth).
 35462 | Spider:3 | 35462 ||| FLEEEEING.
 35694 | Spider:3 | 35694 ||| Stepping ~*~*~tactically~*~*~ (hiding).
 35768 | Spider:3 | 35768 ||| Stepping ~*~*~tactically~*~*~ (hiding).
 35772 | Spider:3 | 35772 ||| INVOKING Apocalypse.
 35991 | Spider:3 | 35991 ||| PLANNING SWAMP:1-3
 36117 | Swamp:1  | Entered Level 1 of the Swamp
 36131 | Swamp:1  | 36131 ||| Stepping ~*~*~tactically~*~*~ (water).
 36140 | Swamp:1  | 36140 ||| SWAPPING to +0 morningstar.
 36142 | Swamp:1  | 36142 ||| Stepping ~*~*~tactically~*~*~ (water).
 36147 | Swamp:1  | 36147 ||| SWAPPING to +6 spectral war axe.
 36161 | Swamp:1  | 36161 ||| Stepping ~*~*~tactically~*~*~ (hiding).
 36162 | Swamp:1  | 36162 ||| Stepping ~*~*~tactically~*~*~ (hiding).
 36163 | Swamp:1  | 36163 ||| Stepping ~*~*~tactically~*~*~ (hiding).
 36165 | Swamp:1  | 36165 ||| Stepping ~*~*~tactically~*~*~ (hiding).
 36166 | Swamp:1  | 36166 ||| Stepping ~*~*~tactically~*~*~ (hiding).
 36637 | Swamp:1  | 36637 ||| Stepping ~*~*~tactically~*~*~ (water).
 36644 | Swamp:1  | Reached XP level 17. HP: 115/158 MP: 16/16
 36654 | Swamp:1  | Reached skill level 19 in Fighting
 36864 | Swamp:1  | Identified the +7 trident of the Imperium {vorpal, rF+}
 37113 | Swamp:2  | 37113 ||| Stepping ~*~*~tactically~*~*~ (hiding).
 37130 | Swamp:2  | 37130 ||| Stepping ~*~*~tactically~*~*~ (stealth).
 37185 | Swamp:2  | 37185 ||| Stepping randomly (cloudy).
 37186 | Swamp:2  | 37186 ||| Stepping ~*~*~tactically~*~*~ (cloud).
 37187 | Swamp:2  | 37187 ||| Stepping ~*~*~tactically~*~*~ (cloud).
 37191 | Swamp:2  | 37191 ||| Stepping ~*~*~tactically~*~*~ (cloud).
 37459 | Swamp:2  | 37459 ||| INVOKING Apocalypse.
 37462 | Swamp:2  | 37462 ||| FLEEEEING.
 37463 | Swamp:2  | 37463 ||| SWAPPING to +0 morningstar.
 37467 | Swamp:2  | 37467 ||| SWAPPING to +6 spectral war axe.
 37948 | Swamp:3  | 37948 ||| Stepping ~*~*~tactically~*~*~ (cloud).
 38074 | Swamp:3  | 38074 ||| Stepping ~*~*~tactically~*~*~ (cloud).
 38346 | Swamp:3  | 38346 ||| Stepping ~*~*~tactically~*~*~ (hiding).
 38818 | Swamp:3  | 38818 ||| Stepping randomly (cloudy).
 38819 | Swamp:3  | 38819 ||| Stepping ~*~*~tactically~*~*~ (cloud).
 39163 | Swamp:3  | 39163 ||| PLANNING SPIDER:4
 39163 | Swamp:3  | 39163 ||| DROPPING +0 cloak.
 39349 | Spider:4 | Entered Level 4 of the Spider Nest
 39355 | Spider:4 | 39355 ||| STAIRDANCE
 39405 | Spider:4 | Noticed Asterion
 39407 | Spider:4 | 39407 ||| INVOKING Apocalypse.
 39427 | Spider:4 | HP: 33/153 [blizzard demon[Asterion] (7)]
 39428 | Spider:4 | 39428 ||| READING 7 scrolls of teleportation.
 39429 | Spider:4 | 39429 ||| DRINKING 3 potions of heal wounds.
 39430 | Spider:4 | 39430 ||| DRINKING 2 potions of heal wounds.
 39431 | Spider:4 | Killed Asterion
 39432 | Spider:4 | 39432 ||| DRINKING potion of heal wounds.
 39436 | Spider:4 | HP: 39/158 [pharaoh ant (3)]
 39437 | Spider:4 | 39437 ||| READING 6 scrolls of teleportation.
 39437 | Spider:4 | HP: 19/156 [poisoned by a wolf spider]
 39437 | Spider:4 | HP: 9/156 [meliai/divine providence (10)]
 39438 | Spider:4 | HP: 4/156 [meliai/+0 hand axe (2)]
 39438 | Spider:4 | Mangled by a pharaoh ant

Levels and vault maps discovered:
D:1:      minmay_arrival_four_houses, layout_loops_ring,
          hellmonk_ecumenical_altar_pennies_from_heaven, corexii_hall_statues_x,
          minmay_misc_feat_enclosed
D:2:      layout_loops_corners
D:3:      layout_basic, gammafunk_ghost_stat_death, uniq_natasha, uniq_grinder
D:4:      layout_basic, dk_noncrumbling_2, hangedman_decor_lopped, uniq_robin,
          uniq_blork_the_orc, uniq_menkaure
D:5:      layout_loops_ring, minmay_temple_entry_junction_2, nrook_campfire
D:6:      layout_rooms
D:7:      minmay_clustersquares, layout_rooms
D:8:      layout_loops_corners, nicolae_gozag_cash_rules_everything_around_me,
          serial_shops, nicolae_stop_n_shop_2, uniq_maggie, uniq_erica
D:9:      layout_roguey, uniq_pikel
D:10:     layout_rooms, corexii_checkpoint_a
D:11:     layout_stronghold, minmay_lair_entry_grove, hangedman_fish_farm,
          uniq_josephine
D:12:     layout_basic, minmay_orc_entry_temple_small, serial_shops,
          nicolae_square_shop, roderic_lattice_a
D:13:     layout_stronghold, david_vaults_2, gauntlet_entry_generic,
          minmay_fractal_squares_diagonal_5, uniq_frances
D:14:     layout_roguey, enter_trove_5, serial_bayou_pond_c, minivault_5,
          kennysheep_nub
D:15:     hangedman_depths_entry_try_elsewhere_first, layout_rooms,
          minmay_misc_feat_room, lightli_wizard_tower
Temple:   mainiacjoe_temple_circle_huts
Lair:1:   layout_gridlike, wad_woods_road_06
Lair:2:   gammafunk_cloud_chamber, layout_small_grid,
          nicolae_swamp_entry_splash_gauntlet, spider_nest_entry_rubble,
          basic_altar, eino_house_with_fridge
Lair:3:   layout_cave_pods
Lair:4:   layout_hall_layers, slime_entry_1, gammafunk_ghost_arena,
          serial_bayou_ford_a, patterned_corridor
Lair:5:   hellmonk_lair_end_abyssal_woods, layout_gridlike
Swamp:1:  layout_basic_swamp, serial_swamp_ruin, evilmike_swamp_ruin_house_6,
          evilmike_swamp_ruin_rubble_2
Swamp:2:  layout_basic_swamp, evilmike_swamp_ruin_house_1,
          nicolae_swamp_triple_paths
Swamp:3:  layout_basic_swamp, evilmike_swamp_ruin_house_5, swamp_pool1
Spider:1: layout_chambers
Spider:2: nicolae_spider_hilbert_zone_7 [nicolae_spider_hilbert_4_sides_1_open,
          nicolae_spider_hilbert_4_sides_1_open,
          nicolae_spider_hilbert_4_sides_1_open,
          nicolae_spider_hilbert_4_sides_1_open,
          nicolae_spider_hilbert_3_sides_1_open,
          nicolae_spider_hilbert_3_sides_1_open,
          nicolae_spider_hilbert_3_sides_1_open,
          nicolae_spider_hilbert_3_sides_1_open,
          nicolae_spider_hilbert_4_sides_1_open,
          nicolae_spider_hilbert_4_sides_1_open,
          nicolae_spider_hilbert_4_sides_1_open,
          nicolae_spider_hilbert_2_sides_1_open,
          nicolae_spider_hilbert_2_sides_1_open,
          nicolae_spider_hilbert_2_sides_1_open,
          nicolae_spider_hilbert_2_sides_1_open,
          nicolae_spider_hilbert_2_sides_1_open,
          nicolae_spider_hilbert_2_sides_1_open]
Spider:3: layout_spider_delve, uniq_nikola
Spider:4: hellmonk_spider_rune_endless_swarm, guppyfry_hornet_nest,
          uniq_asterion
Orc:1:    layout_caves, serial_shops, nicolae_shop_overgrown_old_shop,
          gammafunk_ghost_fury_of_okawaru
Orc:2:    st_orc_town, layout_caves, nicolae_orc_rockfall,
          nicolae_shop_overcharged_wands, uniq_sonja, uniq_snorg

Skill      XL: |  1  2  3  4  5  6  7  8  9 10 11 12 13 14 15 16 17 |
---------------+----------------------------------------------------+-----
Axes           | 3 4 5 6 8 9 12 15 17 17 | 17.0
Dodging        | 1 3 0 |  0.0
Shields        | 5 6 9 10 11 12 14 15 15 16 17 | 17.0
Fighting       | 4 5 7 8 9 12 15 17 17 18 19 | 19.0
Armour         | 4 5 6 7 11 12 14 14 16 | 16.8
Throwing       | 1 2 4 4 5 |  5.5

Action                   |  1- 3 |  4- 6 |  7- 9 | 10-12 | 13-15 | 16-18 || total
-------------------------+-------+-------+-------+-------+-------+-------++-------
Melee: War axe           |   103 |    72 |   286 |   579 |   817 |   551 ||  2408
       Headbutt          |    11 |    16 |    32 |    34 |    85 |    46 ||   224
       Flail             |       |       |       |     5 |    21 |       ||    26
       Morningstar       |       |       |       |       |       |     6 ||     6
Throw: Boomerang         |       |       |    29 |    59 |   146 |    31 ||   265
       Javelin           |       |       |       |       |       |     2 ||     2
Invok: Sacrifice an Eye  |       |       |     1 |       |       |       ||     1
       Sacrifice Artific |       |       |       |     1 |       |       ||     1
       Sacrifice Love    |       |       |       |     1 |       |       ||     1
       Apocalypse        |       |       |       |     1 |    17 |     6 ||    24
       Sacrifice Nimblen |       |       |       |     1 |       |       ||     1
       Reject Sacrifices |       |       |       |       |     1 |       ||     1
       Sacrifice Stealth |       |       |       |       |     1 |       ||     1
       Sacrifice Skill   |       |       |       |       |     1 |       ||     1
  Use: Scroll            |     2 |     6 |    10 |    12 |     6 |     3 ||    39
       Potion            |     1 |     1 |       |     1 |     3 |     3 ||     9
 Stab: Invisible         |       |       |       |     1 |     6 |     2 ||     9
       Distracted        |       |       |       |     2 |    10 |    13 ||    25
       Paralysed         |       |       |       |       |     4 |     8 ||    12
Armor: Scale mail        |    39 |    18 |       |       |       |       ||    57
       Plate armour      |       |     1 |   130 |   213 |   209 |   176 ||   729
Dodge: Dodged            |    46 |    17 |    67 |   195 |   209 |   173 ||   707
Block: Buckler           |    17 |    12 |       |       |       |       ||    29
       Kite shield       |       |     3 |   166 |   280 |   337 |   247 ||  1033

Table legend:
 A = Non-vault XP
 B = Vault XP
 C = Vault XP percentage of total XP
 D = Non-vault monster count
 E = Vault monster count
 F = Vault count percentage of total count
                 A         B        C        D         E       F
            +---------+---------+-------+---------+---------+-------
      Total |  193596 |   53688 |  21.7 |     823 |     205 |  19.9
            +---------+---------+-------+---------+---------+-------
        D:1 |      44 |       0 |   0.0 |      26 |       0 |   0.0
        D:2 |      99 |       0 |   0.0 |      27 |       0 |   0.0
        D:3 |      95 |     302 |  76.1 |       9 |       2 |  18.2
        D:4 |     357 |     304 |  46.0 |      23 |      13 |  36.1
        D:5 |    1700 |       0 |   0.0 |      18 |       0 |   0.0
        D:6 |    1608 |       0 |   0.0 |      29 |       0 |   0.0
        D:7 |     871 |     671 |  43.5 |      21 |       9 |  30.0
        D:8 |     982 |    1225 |  55.5 |      27 |       2 |   6.9
        D:9 |    2284 |     586 |  20.4 |      22 |       1 |   4.3
       D:10 |    3320 |       4 |   0.1 |      41 |       2 |   4.7
       D:11 |    4354 |    3406 |  43.9 |      18 |      17 |  48.6
       D:12 |    5894 |     488 |   7.6 |      20 |       6 |  23.1
       D:13 |    8472 |    4096 |  32.6 |      25 |       6 |  19.4
       D:14 |   10796 |     859 |   7.4 |      27 |       1 |   3.6
       D:15 |    8668 |    3658 |  29.7 |      17 |       6 |  26.1
     Lair:1 |    6364 |       0 |   0.0 |      23 |       0 |   0.0
     Lair:2 |   10598 |    2250 |  17.5 |      38 |      18 |  32.1
     Lair:3 |    5113 |       0 |   0.0 |      30 |       0 |   0.0
     Lair:4 |    9081 |       0 |   0.0 |      31 |       0 |   0.0
     Lair:5 |    8867 |   10602 |  54.5 |      26 |      36 |  58.1
    Swamp:1 |   13371 |       0 |   0.0 |      23 |       0 |   0.0
    Swamp:2 |   11086 |       0 |   0.0 |      21 |       0 |   0.0
    Swamp:3 |   10747 |       0 |   0.0 |      24 |       0 |   0.0
   Spider:1 |   21781 |       0 |   0.0 |      65 |       0 |   0.0
   Spider:2 |   19380 |   10925 |  36.1 |      68 |      16 |  19.0
   Spider:3 |   17568 |    2262 |  11.4 |      46 |       1 |   2.1
   Spider:4 |    3968 |    4338 |  52.2 |       9 |       6 |  40.0
      Orc:1 |    2318 |      35 |   1.5 |      30 |       1 |   3.2
      Orc:2 |    3810 |    7677 |  66.8 |      39 |      62 |  61.4
            +---------+---------+-------+---------+---------+-------
